Connexion

NEW YORK Islanders vs NEW JERSEY Devils (R2)

Created - 2 août 2023 at 08:16

Goals
1 2 3 T
NEW YORK Islanders 2 0 1 3
NEW JERSEY Devils 0 0 1 1
Shots
1 2 3 T
NEW YORK Islanders 11 14 5 30
NEW JERSEY Devils 9 13 9 31

GoalsPenalties
1st period
1. NEW YORK Islanders , Kyle Palmieri 2 (Jeff Skinner 2) at 14:08
2. NEW YORK Islanders , Kyle Palmieri 3 (Ryan McDonagh 1, Jeff Skinner 3) at 16:35
Ryan McDonagh (NYI) for Roughing (Minor) at 3:28
Oliver Kylington (N.J) for Tripping (Minor) at 9:35
2nd period
No Goal
Adam Pelech (NYI) for Hooking (Minor) at 0:22
Kirill Marchenko (N.J) for Roughing (Minor) at 4:37
Erik Johnson (N.J) for Hooking (Minor) at 5:49
3rd period
3. NEW YORK Islanders , Jeff Skinner 1 (Kyle Palmieri 1, Ryan McDonagh 2) at 0:16
4. NEW JERSEY Devils , Shayne Gostisbehere 1 (Evgeni Malkin 1, Max Domi 1) at 6:01 (PP)
Nikolai Knyzhov (NYI) for Slashing (Minor) at 4:20
Ryan McDonagh (NYI) for Tripping (Minor) at 5:03
Sven Baertschi (NYI) for Holding (Minor) at 10:58
Nikolai Knyzhov (NYI) for Roughing (Minor) at 13:27
Goalie Stats
Linus Ullmark (NYI), 30 saves from 31 shots - (0,968), W, 2-0-0, 60:00 minutes
Tristan Jarry (N.J), 27 saves from 30 shots - (0,900), L, 0-2-0, 60:00 minutes
3 StarsOfficial
1 - Kyle Palmieri (NYI)
2 - Jeff Skinner (NYI)
3 - Linus Ullmark (NYI)
Referees : Paul Devorski and Bill McCreary
Linesman : Mike Cvik and Tony Sericolo
Game Note
Calle Rosen is injured at 11:55 of 3rd period (Sprained Left Finger)
Finance
Level 1 -- Attendance: 6000 (100,00%) -- Ticket Income 720 000 $
Level 2 -- Attendance: 4625 (100,00%) -- Ticket Income 393 125 $
Level 3 -- Attendance: 1445 (72,25%) -- Ticket Income 86 700 $
Level 4 -- Attendance: 3915 (97,88%) -- Ticket Income 137 025 $
Luxury Box -- Attendance: 1000 (100,00%) -- Ticket Income 180 000 $
Game was played at the Prudential Center.
Total Attendance: 16985 (96,37%)
Total Ticket Income: 1 516 850 $
Other Income: 303 370 $
Total Income: 1 820 220 $



Team Name Goals Shots Shots Attemp Shots Blocked PIM HIT PP PK FO%
NEW YORK Islanders 33062612230 / 3 (0%)148%
NEW JERSEY Devils 1315886341 / 6 (17%)052%

NEW YORK Islanders
Player Name POS G A P +/- PIM HIT SHT SB MP PP MP PP SHT PK MP PK SHT FO% FOT
Adam PelechD0003241022:540:0004:4900% 0
Alexander RadulovRW0000003010:290:0000:00050% 2
Andreas AthanasiouC/LW/RW000000005:552:0600:0000% 0
Brendan LeipsicC/LW0000012012:560:0002:27050% 18
Brendan LemieuxLW0000021014:050:0003:3600% 2
Calle RosenD0000022017:332:0612:5800% 0
Ilya MikheyevRW0000024018:593:0410:000100% 3
Jeff SkinnerC/LW1233012018:163:0401:13050% 32
Josh BaileyC/LW/RW000000209:590:0006:10040% 15
Kevin ShattenkirkD0000011124:393:0416:1800% 0
Kyle PalmieriRW2133015016:052:0600:0000% 1
Nicklas BackstromC0000001018:012:0600:00047% 15
Nikolai KnyzhovD0000430115:030:0002:4900% 0
Patrik LaineLW/RW0000001018:593:0400:0000% 0
Ryan McDonagh D0223451224:213:0413:0400% 0
Sven BaertschiLW0003212022:550:0005:080100% 1
Travis DermottD0000001213:190:0001:1700% 0
Vincent HinostrozaC/RW000000103:502:0611:4400% 0
NEW JERSEY Devils
Player Name POS G A P +/- PIM HIT SHT SB MP PP MP PP SHT PK MP PK SHT FO% FOT
Anton LundellC000-1001017:244:5110:05043% 21
Brent BurnsD000-2021024:135:3801:2400% 0
Bryan LittleC/RW0000012012:440:0003:21150% 20
Erik JohnsonD0000231014:440:0001:3600% 0
Evgeni MalkinC/RW011-2004022:325:4710:00058% 33
Jordan HarrisD0000011314:530:0001:4500% 0
Kirill MarchenkoRW000-2224022:315:4700:00050% 2
Mark StoneRW000-1000015:330:0602:59067% 3
Max DomiC/LW011-2025022:325:4710:0000% 0
Maxime ComtoisLW000005005:360:0000:0000% 0
Oliver KylingtonD000-1231121:175:3811:4700% 0
Rem PitlickC/LW/RW000000006:180:0000:42067% 6
Roope HintzC/LW000-1023017:194:5110:0000% 2
Ryan HartmanC/RW000001006:380:0001:0200% 0
Sam BennettC/LW0000071010:250:0001:020100% 1
Samuel GirardD000-2052325:505:0013:0510% 0
Shayne GostisbehereD101-1001119:015:0010:4200% 0
Troy TerryRW0000004014:304:4530:2200% 1



Play-by-Play

1st period


0:01 of 1st period - Sven Baertschi wins face-off versus Evgeni Malkin in neutral zone.
1:22 of 1st period - Icing by Samuel Girard.
1:23 of 1st period - Evgeni Malkin wins face-off versus Brendan Leipsic in NEW JERSEY Devils zone.
1:23 of 1st period - Evgeni Malkin is hit by Brendan Lemieux.
1:46 of 1st period - Mark Stone is hit by Nikolai Knyzhov and loses puck.
1:51 of 1st period - Shot by Roope Hintz.
1:51 of 1st period - Shot Misses the Net.
1:59 of 1st period - Shot by Roope Hintz.
1:59 of 1st period - Shot Misses the Net.
2:34 of 1st period - Brendan Lemieux is hit by Sam Bennett and loses puck.
3:05 of 1st period - Shot by Sam Bennett.
3:05 of 1st period - Shot Misses the Net.
3:08 of 1st period - Icing by Kevin Shattenkirk.
3:09 of 1st period - Josh Bailey wins face-off versus Rem Pitlick in NEW YORK Islanders zone.
3:09 of 1st period - Josh Bailey is hit by Maxime Comtois.
3:28 of 1st period - Minor Penalty to Ryan McDonagh for Roughing.
3:29 of 1st period - Anton Lundell wins face-off versus Josh Bailey in NEW YORK Islanders zone.
4:34 of 1st period - Shot by Evgeni Malkin.
4:34 of 1st period - Deflect By Max Domi.
4:34 of 1st period - Stopped by Linus Ullmark without a rebound.
4:35 of 1st period - Evgeni Malkin wins face-off versus Brendan Lemieux in NEW YORK Islanders zone.
4:42 of 1st period - Shot by Oliver Kylington.
4:42 of 1st period - Shot Blocked by Nikolai Knyzhov.
5:01 of 1st period - Icing by Brent Burns.
5:02 of 1st period - Evgeni Malkin wins face-off versus Josh Bailey in NEW JERSEY Devils zone.
5:34 of 1st period - Shot by Nicklas Backstrom.
5:34 of 1st period - Shot Misses the Net.
6:08 of 1st period - Shot by Jordan Harris.
6:08 of 1st period - Stopped by Linus Ullmark without a rebound.
6:09 of 1st period - Anton Lundell wins face-off versus Brendan Leipsic in NEW YORK Islanders zone.
6:09 of 1st period - Anton Lundell is hit by Ryan McDonagh .
6:14 of 1st period - Roope Hintz is hit by Adam Pelech and loses puck.
6:28 of 1st period - Shot by Alexander Radulov.
6:28 of 1st period - Stopped by Tristan Jarry without a rebound.
6:29 of 1st period - Jeff Skinner wins face-off versus Bryan Little in NEW JERSEY Devils zone.
6:32 of 1st period - Shot by Kyle Palmieri.
6:32 of 1st period - Shot Misses the Net.
6:34 of 1st period - Shot by Sven Baertschi.
6:34 of 1st period - Shot Blocked by Shayne Gostisbehere.
6:36 of 1st period - Shot by Kyle Palmieri.
6:36 of 1st period - Shot Misses the Net.
6:41 of 1st period - Jeff Skinner is hit by Oliver Kylington and loses puck.
6:50 of 1st period - Shot by Jeff Skinner.
6:50 of 1st period - Shot Blocked by Oliver Kylington.
6:52 of 1st period - Shot by Jeff Skinner.
6:52 of 1st period - Stopped by Tristan Jarry without a rebound.
6:53 of 1st period - Evgeni Malkin wins face-off versus Nicklas Backstrom in NEW JERSEY Devils zone.
7:14 of 1st period - Shot by Kirill Marchenko.
7:14 of 1st period - Stopped by Linus Ullmark without a rebound.
7:15 of 1st period - Mark Stone wins face-off versus Jeff Skinner in NEW YORK Islanders zone.
7:31 of 1st period - Icing by Shayne Gostisbehere.
7:32 of 1st period - Ilya Mikheyev wins face-off versus Anton Lundell in NEW JERSEY Devils zone.
7:33 of 1st period - Shot by Patrik Laine.
7:33 of 1st period - Stopped by Tristan Jarry without a rebound.
7:34 of 1st period - Evgeni Malkin wins face-off versus Nicklas Backstrom in NEW JERSEY Devils zone.
8:57 of 1st period - Shot by Sven Baertschi.
8:57 of 1st period - Shot Misses the Net.
9:29 of 1st period - Anton Lundell is hit by Brendan Leipsic and loses puck.
9:35 of 1st period - Minor Penalty to Oliver Kylington for Tripping.
9:36 of 1st period - Nicklas Backstrom wins face-off versus Bryan Little in NEW JERSEY Devils zone.
9:41 of 1st period - Shot by Vincent Hinostroza.
9:41 of 1st period - Stopped by Tristan Jarry without a rebound.
9:42 of 1st period - Bryan Little wins face-off versus Jeff Skinner in NEW JERSEY Devils zone.
9:47 of 1st period - Shot by Ryan McDonagh .
9:47 of 1st period - Shot Misses the Net.
10:05 of 1st period - Shot by Patrik Laine.
10:05 of 1st period - Shot Misses the Net.
10:07 of 1st period - Shot by Ryan McDonagh .
10:07 of 1st period - Stopped by Tristan Jarry with a rebound.
10:09 of 1st period - Shot by Kevin Shattenkirk.
10:09 of 1st period - Shot Blocked by Samuel Girard.
10:11 of 1st period - Shot by Ryan McDonagh .
10:11 of 1st period - Shot Blocked by Samuel Girard.
10:36 of 1st period - Andreas Athanasiou is hit by Samuel Girard and loses puck.
11:19 of 1st period - Ilya Mikheyev is hit by Sam Bennett and loses puck.
11:32 of 1st period - Shot by Ilya Mikheyev.
11:32 of 1st period - Shot Misses the Net.
11:34 of 1st period - Shot by Ilya Mikheyev.
11:34 of 1st period - Stopped by Tristan Jarry without a rebound.
11:35 of 1st period - Brendan Leipsic wins face-off versus Evgeni Malkin in NEW JERSEY Devils zone.
11:40 of 1st period - Shot by Brendan Lemieux.
11:40 of 1st period - Shot Misses the Net.
11:42 of 1st period - Shot by Travis Dermott.
11:42 of 1st period - Stopped by Tristan Jarry without a rebound.
11:43 of 1st period - Evgeni Malkin wins face-off versus Alexander Radulov in NEW JERSEY Devils zone.
11:56 of 1st period - Shot by Evgeni Malkin.
11:56 of 1st period - Stopped by Linus Ullmark with a rebound.
11:58 of 1st period - Shot by Kirill Marchenko.
11:58 of 1st period - Stopped by Linus Ullmark with a rebound.
12:00 of 1st period - Shot by Oliver Kylington.
12:00 of 1st period - Deflect By Max Domi.
12:00 of 1st period - Stopped by Linus Ullmark without a rebound.
12:01 of 1st period - Rem Pitlick wins face-off versus Josh Bailey in NEW YORK Islanders zone.
12:05 of 1st period - Rem Pitlick is hit by Adam Pelech and loses puck.
12:33 of 1st period - Rem Pitlick is hit by Ryan McDonagh and loses puck.
13:19 of 1st period - Shot by Kirill Marchenko.
13:19 of 1st period - Shot Misses the Net.
13:43 of 1st period - Shot by Kirill Marchenko.
13:43 of 1st period - Stopped by Linus Ullmark without a rebound.
13:44 of 1st period - Brendan Leipsic wins face-off versus Bryan Little in NEW YORK Islanders zone.
13:44 of 1st period - Brendan Leipsic is hit by Sam Bennett.
14:04 of 1st period - Shot by Alexander Radulov.
14:04 of 1st period - Stopped by Tristan Jarry without a rebound.
14:05 of 1st period - Jeff Skinner wins face-off versus Anton Lundell in NEW JERSEY Devils zone.
14:06 of 1st period - Shot by Kyle Palmieri.
14:06 of 1st period - Stopped by Tristan Jarry without a rebound.
14:07 of 1st period - Jeff Skinner wins face-off versus Anton Lundell in NEW JERSEY Devils zone.
14:08 of 1st period - Shot by Kyle Palmieri.
14:08 of 1st period - Goal by Kyle Palmieri - NEW YORK Islanders : 1 - NEW JERSEY Devils : 0.
14:09 of 1st period - Jeff Skinner wins face-off versus Evgeni Malkin in neutral zone.
14:13 of 1st period - Icing by Max Domi.
14:14 of 1st period - Jeff Skinner wins face-off versus Evgeni Malkin in NEW JERSEY Devils zone.
14:14 of 1st period - Ryan McDonagh is hit by Samuel Girard and loses puck.
14:20 of 1st period - Icing by Max Domi.
14:21 of 1st period - Jeff Skinner wins face-off versus Evgeni Malkin in NEW JERSEY Devils zone.
14:45 of 1st period - Max Domi is hit by Adam Pelech and loses puck.
14:49 of 1st period - Kirill Marchenko is hit by Ryan McDonagh and loses puck.
14:53 of 1st period - Kirill Marchenko is hit by Ryan McDonagh and loses puck.
14:56 of 1st period - Shot by Max Domi.
14:56 of 1st period - Stopped by Linus Ullmark without a rebound.
14:57 of 1st period - Anton Lundell wins face-off versus Nicklas Backstrom in NEW YORK Islanders zone.
15:00 of 1st period - Shot by Anton Lundell.
15:00 of 1st period - Shot Misses the Net.
15:12 of 1st period - Shot by Patrik Laine.
15:12 of 1st period - Shot Blocked by Jordan Harris.
15:40 of 1st period - Shot by Anton Lundell.
15:40 of 1st period - Shot Misses the Net.
16:01 of 1st period - Icing by Sven Baertschi.
16:02 of 1st period - Jeff Skinner wins face-off versus Evgeni Malkin in NEW YORK Islanders zone.
16:35 of 1st period - Shot by Kyle Palmieri.
16:35 of 1st period - Goal by Kyle Palmieri - NEW YORK Islanders : 2 - NEW JERSEY Devils : 0.
16:36 of 1st period - Bryan Little wins face-off versus Brendan Leipsic in neutral zone.
17:17 of 1st period - Off-side.
17:18 of 1st period - Evgeni Malkin wins face-off versus Jeff Skinner in neutral zone.
17:45 of 1st period - Shot by Evgeni Malkin.
17:45 of 1st period - Shot Blocked by Ryan McDonagh .
18:01 of 1st period - Shot by Kirill Marchenko.
18:01 of 1st period - Stopped by Linus Ullmark without a rebound.
18:02 of 1st period - Nicklas Backstrom wins face-off versus Anton Lundell in NEW YORK Islanders zone.
18:57 of 1st period - Calle Rosen is hit by Sam Bennett and loses puck.
19:20 of 1st period - Icing by Bryan Little.
19:21 of 1st period - Bryan Little wins face-off versus Jeff Skinner in NEW JERSEY Devils zone.
19:37 of 1st period - Off-side.
19:38 of 1st period - Brendan Leipsic wins face-off versus Evgeni Malkin in neutral zone.
19:40 of 1st period - Off-side.
19:41 of 1st period - Kirill Marchenko wins face-off versus Jeff Skinner in neutral zone.
19:41 of 1st period - Kirill Marchenko is hit by Jeff Skinner.
19:48 of 1st period - Icing by Ryan McDonagh .
19:49 of 1st period - Jeff Skinner wins face-off versus Evgeni Malkin in NEW YORK Islanders zone.
Goals for this period are 2 for NEW YORK Islanders vs 0 for NEW JERSEY Devils.
Shots for this period are 11 for NEW YORK Islanders vs 9 for NEW JERSEY Devils.

2nd period


0:01 of 2nd period - Evgeni Malkin wins face-off versus Jeff Skinner in neutral zone.
0:09 of 2nd period - Icing by Adam Pelech.
0:10 of 2nd period - Jeff Skinner wins face-off versus Mark Stone in NEW YORK Islanders zone.
0:22 of 2nd period - Minor Penalty to Adam Pelech for Hooking.
0:23 of 2nd period - Evgeni Malkin wins face-off versus Josh Bailey in NEW YORK Islanders zone.
0:58 of 2nd period - Shot by Shayne Gostisbehere.
0:58 of 2nd period - Shot Misses the Net.
1:16 of 2nd period - Anton Lundell is hit by Nikolai Knyzhov and loses puck.
1:25 of 2nd period - Shot by Oliver Kylington.
1:25 of 2nd period - Stopped by Linus Ullmark without a rebound.
1:26 of 2nd period - Anton Lundell wins face-off versus Brendan Leipsic in NEW YORK Islanders zone.
1:33 of 2nd period - Shot by Troy Terry.
1:33 of 2nd period - Stopped by Linus Ullmark without a rebound.
1:34 of 2nd period - Anton Lundell wins face-off versus Brendan Leipsic in NEW YORK Islanders zone.
1:34 of 2nd period - Brent Burns is hit by Kevin Shattenkirk and loses puck.
1:37 of 2nd period - Shot by Troy Terry.
1:37 of 2nd period - Stopped by Linus Ullmark with a rebound.
1:39 of 2nd period - Shot by Anton Lundell.
1:39 of 2nd period - Stopped by Linus Ullmark with a rebound.
2:36 of 2nd period - Nicklas Backstrom is hit by Erik Johnson and loses puck.
2:39 of 2nd period - Shot by Ilya Mikheyev.
2:39 of 2nd period - Shot Misses the Net.
2:41 of 2nd period - Shot by Travis Dermott.
2:41 of 2nd period - Shot Misses the Net.
2:43 of 2nd period - Shot by Ilya Mikheyev.
2:43 of 2nd period - Stopped by Tristan Jarry without a rebound.
2:44 of 2nd period - Brendan Leipsic wins face-off versus Rem Pitlick in NEW JERSEY Devils zone.
2:59 of 2nd period - Shot by Brendan Leipsic.
2:59 of 2nd period - Shot Misses the Net.
3:01 of 2nd period - Shot by Brendan Lemieux.
3:01 of 2nd period - Deflect By Brendan Leipsic.
3:01 of 2nd period - Shot Misses the Net.
3:03 of 2nd period - Shot by Brendan Leipsic.
3:03 of 2nd period - Stopped by Tristan Jarry with a rebound.
3:05 of 2nd period - Shot by Alexander Radulov.
3:05 of 2nd period - Stopped by Tristan Jarry with a rebound.
3:07 of 2nd period - Shot by Alexander Radulov.
3:07 of 2nd period - Shot Misses the Net.
3:09 of 2nd period - Shot by Brendan Lemieux.
3:09 of 2nd period - Shot Blocked by Jordan Harris.
3:11 of 2nd period - Shot by Ryan McDonagh .
3:11 of 2nd period - Shot Misses the Net.
3:13 of 2nd period - Shot by Adam Pelech.
3:13 of 2nd period - Stopped by Tristan Jarry without a rebound.
3:14 of 2nd period - Evgeni Malkin wins face-off versus Nicklas Backstrom in NEW JERSEY Devils zone.
3:14 of 2nd period - Evgeni Malkin is hit by Ilya Mikheyev.
3:46 of 2nd period - Shot by Ilya Mikheyev.
3:46 of 2nd period - Stopped by Tristan Jarry without a rebound.
3:47 of 2nd period - Anton Lundell wins face-off versus Jeff Skinner in NEW JERSEY Devils zone.
4:05 of 2nd period - Shot by Anton Lundell.
4:05 of 2nd period - Shot Misses the Net.
4:17 of 2nd period - Shot by Mark Stone.
4:17 of 2nd period - Deflect By Roope Hintz.
4:17 of 2nd period - Stopped by Linus Ullmark without a rebound.
4:18 of 2nd period - Nicklas Backstrom wins face-off versus Bryan Little in NEW YORK Islanders zone.
4:18 of 2nd period - Nicklas Backstrom is hit by Sam Bennett.
4:33 of 2nd period - Icing by Kevin Shattenkirk.
4:34 of 2nd period - Nicklas Backstrom wins face-off versus Evgeni Malkin in NEW YORK Islanders zone.
4:34 of 2nd period - Nicklas Backstrom is hit by Max Domi.
4:37 of 2nd period - Minor Penalty to Kirill Marchenko for Roughing.
4:38 of 2nd period - Bryan Little wins face-off versus Jeff Skinner in NEW JERSEY Devils zone.
4:56 of 2nd period - Icing by Kevin Shattenkirk.
4:57 of 2nd period - Jeff Skinner wins face-off versus Bryan Little in NEW YORK Islanders zone.
5:32 of 2nd period - Shot by Ryan McDonagh .
5:32 of 2nd period - Shot Misses the Net.
5:49 of 2nd period - Minor Penalty to Erik Johnson for Hooking.
5:50 of 2nd period - Rem Pitlick wins face-off versus Nicklas Backstrom in NEW JERSEY Devils zone.
6:15 of 2nd period - Shot by Calle Rosen.
6:15 of 2nd period - Shot Misses the Net.
6:25 of 2nd period - Shot by Calle Rosen.
6:25 of 2nd period - Stopped by Tristan Jarry with a rebound.
6:34 of 2nd period - Icing by Nicklas Backstrom.
6:35 of 2nd period - Rem Pitlick wins face-off versus Kyle Palmieri in NEW YORK Islanders zone.
6:42 of 2nd period - Shot by Bryan Little.
6:42 of 2nd period - Shot Misses the Net.
6:44 of 2nd period - Shot by Samuel Girard.
6:44 of 2nd period - Stopped by Linus Ullmark with a rebound.
6:46 of 2nd period - Shot by Mark Stone.
6:46 of 2nd period - Deflect By Bryan Little.
6:46 of 2nd period - Stopped by Linus Ullmark without a rebound.
6:47 of 2nd period - Jeff Skinner wins face-off versus Bryan Little in NEW YORK Islanders zone.
6:47 of 2nd period - Jeff Skinner is hit by Bryan Little.
6:50 of 2nd period - Icing by Ryan McDonagh .
6:51 of 2nd period - Jeff Skinner wins face-off versus Bryan Little in NEW YORK Islanders zone.
7:02 of 2nd period - Shot by Jeff Skinner.
7:02 of 2nd period - Shot Misses the Net.
7:04 of 2nd period - Shot by Kevin Shattenkirk.
7:04 of 2nd period - Stopped by Tristan Jarry without a rebound.
7:05 of 2nd period - Bryan Little wins face-off versus Jeff Skinner in NEW JERSEY Devils zone.
8:04 of 2nd period - Shot by Sven Baertschi.
8:04 of 2nd period - Stopped by Tristan Jarry with a rebound.
8:06 of 2nd period - Shot by Travis Dermott.
8:06 of 2nd period - Shot Misses the Net.
8:16 of 2nd period - Shot by Josh Bailey.
8:16 of 2nd period - Stopped by Tristan Jarry without a rebound.
8:17 of 2nd period - Brendan Leipsic wins face-off versus Anton Lundell in NEW JERSEY Devils zone.
8:18 of 2nd period - Shot by Brendan Lemieux.
8:18 of 2nd period - Deflect By Brendan Leipsic.
8:18 of 2nd period - Shot Hit the Post.
9:31 of 2nd period - Off-side.
9:32 of 2nd period - Bryan Little wins face-off versus Nicklas Backstrom in neutral zone.
10:02 of 2nd period - Shot by Nicklas Backstrom.
10:02 of 2nd period - Stopped by Tristan Jarry with a rebound.
10:20 of 2nd period - Troy Terry is hit by Nikolai Knyzhov and loses puck.
10:27 of 2nd period - Shayne Gostisbehere is hit by Ilya Mikheyev and loses puck.
11:01 of 2nd period - Shot by Max Domi.
11:01 of 2nd period - Shot Misses the Net.
11:03 of 2nd period - Shot by Brent Burns.
11:03 of 2nd period - Stopped by Linus Ullmark without a rebound.
11:04 of 2nd period - Mark Stone wins face-off versus Brendan Lemieux in NEW YORK Islanders zone.
11:04 of 2nd period - Anton Lundell is hit by Ryan McDonagh and loses puck.
11:13 of 2nd period - Shot by Brendan Leipsic.
11:13 of 2nd period - Stopped by Tristan Jarry with a rebound.
11:15 of 2nd period - Shot by Ryan McDonagh .
11:15 of 2nd period - Shot Misses the Net.
11:55 of 2nd period - Shot by Calle Rosen.
11:55 of 2nd period - Stopped by Tristan Jarry with a rebound.
12:14 of 2nd period - Kevin Shattenkirk is hit by Samuel Girard and loses puck.
12:20 of 2nd period - Icing by Brent Burns.
12:21 of 2nd period - Nicklas Backstrom wins face-off versus Evgeni Malkin in NEW JERSEY Devils zone.
12:21 of 2nd period - Nicklas Backstrom is hit by Samuel Girard.
12:35 of 2nd period - Shot by Max Domi.
12:35 of 2nd period - Shot Blocked by Travis Dermott.
12:43 of 2nd period - Shot by Evgeni Malkin.
12:43 of 2nd period - Stopped by Linus Ullmark without a rebound.
12:44 of 2nd period - Bryan Little wins face-off versus Josh Bailey in NEW YORK Islanders zone.
12:47 of 2nd period - Shot by Troy Terry.
12:47 of 2nd period - Deflect By Bryan Little.
12:47 of 2nd period - Stopped by Linus Ullmark without a rebound.
12:48 of 2nd period - Bryan Little wins face-off versus Jeff Skinner in NEW YORK Islanders zone.
13:15 of 2nd period - Shot by Sven Baertschi.
13:15 of 2nd period - Stopped by Tristan Jarry without a rebound.
13:16 of 2nd period - Evgeni Malkin wins face-off versus Nicklas Backstrom in NEW JERSEY Devils zone.
13:33 of 2nd period - Brent Burns is hit by Calle Rosen.
13:45 of 2nd period - Shot by Max Domi.
13:45 of 2nd period - Shot Misses the Net.
14:11 of 2nd period - Ilya Mikheyev is hit by Roope Hintz and loses puck.
14:43 of 2nd period - Icing by Calle Rosen.
14:44 of 2nd period - Ilya Mikheyev wins face-off versus Bryan Little in NEW YORK Islanders zone.
14:44 of 2nd period - Calle Rosen is hit by Sam Bennett and loses puck.
14:49 of 2nd period - Shot by Troy Terry.
14:49 of 2nd period - Stopped by Linus Ullmark without a rebound.
14:50 of 2nd period - Bryan Little wins face-off versus Jeff Skinner in NEW YORK Islanders zone.
15:07 of 2nd period - Shot by Kyle Palmieri.
15:07 of 2nd period - Stopped by Tristan Jarry without a rebound.
15:08 of 2nd period - Alexander Radulov wins face-off versus Evgeni Malkin in NEW JERSEY Devils zone.
15:14 of 2nd period - Max Domi is hit by Brendan Lemieux and loses puck.
15:31 of 2nd period - Shot by Max Domi.
15:31 of 2nd period - Shot Blocked by Travis Dermott.
15:33 of 2nd period - Shot by Evgeni Malkin.
15:33 of 2nd period - Stopped by Linus Ullmark without a rebound.
15:34 of 2nd period - Jeff Skinner wins face-off versus Anton Lundell in NEW YORK Islanders zone.
15:36 of 2nd period - Icing by Sven Baertschi.
15:37 of 2nd period - Anton Lundell wins face-off versus Jeff Skinner in NEW YORK Islanders zone.
15:45 of 2nd period - Off-side.
15:46 of 2nd period - Evgeni Malkin wins face-off versus Jeff Skinner in neutral zone.
15:48 of 2nd period - Max Domi is hit by Adam Pelech and loses puck.
16:29 of 2nd period - Shot by Sven Baertschi.
16:29 of 2nd period - Shot Blocked by Samuel Girard.
17:51 of 2nd period - Shot by Patrik Laine.
17:51 of 2nd period - Shot Misses the Net.
18:01 of 2nd period - Shot by Sam Bennett.
18:01 of 2nd period - Stopped by Linus Ullmark without a rebound.
18:02 of 2nd period - Rem Pitlick wins face-off versus Brendan Leipsic in NEW YORK Islanders zone.
18:21 of 2nd period - Travis Dermott is hit by Maxime Comtois and loses puck.
18:30 of 2nd period - Brendan Lemieux is hit by Maxime Comtois and loses puck.
18:45 of 2nd period - Brendan Lemieux is hit by Maxime Comtois and loses puck.
19:23 of 2nd period - Josh Bailey is hit by Jordan Harris.
19:34 of 2nd period - Andreas Athanasiou is hit by Erik Johnson and loses puck.
Goals for this period are 0 for NEW YORK Islanders vs 0 for NEW JERSEY Devils.
Shots for this period are 14 for NEW YORK Islanders vs 13 for NEW JERSEY Devils.

3rd period


0:01 of 3rd period - Evgeni Malkin wins face-off versus Jeff Skinner in neutral zone.
0:16 of 3rd period - Shot by Kyle Palmieri.
0:16 of 3rd period - Deflect By Jeff Skinner.
0:16 of 3rd period - Goal by Jeff Skinner - NEW YORK Islanders : 3 - NEW JERSEY Devils : 0.
0:17 of 3rd period - Nicklas Backstrom wins face-off versus Anton Lundell in neutral zone.
0:32 of 3rd period - Icing by Shayne Gostisbehere.
0:33 of 3rd period - Jeff Skinner wins face-off versus Roope Hintz in NEW JERSEY Devils zone.
1:04 of 3rd period - Shot by Roope Hintz.
1:04 of 3rd period - Stopped by Linus Ullmark with a rebound.
1:35 of 3rd period - Icing by Samuel Girard.
1:36 of 3rd period - Evgeni Malkin wins face-off versus Brendan Leipsic in NEW JERSEY Devils zone.
1:49 of 3rd period - Shot by Max Domi.
1:49 of 3rd period - Stopped by Linus Ullmark with a rebound.
1:51 of 3rd period - Shot by Max Domi.
1:51 of 3rd period - Stopped by Linus Ullmark with a rebound.
1:55 of 3rd period - Shot by Kirill Marchenko.
1:55 of 3rd period - Shot Misses the Net.
2:49 of 3rd period - Shot by Nicklas Backstrom.
2:49 of 3rd period - Shot Misses the Net.
2:57 of 3rd period - Shot by Patrik Laine.
2:57 of 3rd period - Shot Misses the Net.
2:59 of 3rd period - Shot by Kevin Shattenkirk.
2:59 of 3rd period - Shot Blocked by Jordan Harris.
3:20 of 3rd period - Icing by Jordan Harris.
3:21 of 3rd period - Sam Bennett wins face-off versus Jeff Skinner in NEW JERSEY Devils zone.
3:21 of 3rd period - Troy Terry is hit by Kyle Palmieri and loses puck.
3:58 of 3rd period - Shot by Kyle Palmieri.
3:58 of 3rd period - Stopped by Tristan Jarry without a rebound.
3:59 of 3rd period - Brendan Leipsic wins face-off versus Evgeni Malkin in NEW JERSEY Devils zone.
4:12 of 3rd period - Alexander Radulov is hit by Max Domi.
4:20 of 3rd period - Minor Penalty to Nikolai Knyzhov for Slashing.
4:21 of 3rd period - Josh Bailey wins face-off versus Kirill Marchenko in NEW YORK Islanders zone.
5:03 of 3rd period - Minor Penalty to Ryan McDonagh for Tripping.
5:04 of 3rd period - Jeff Skinner wins face-off versus Anton Lundell in NEW YORK Islanders zone.
5:57 of 3rd period - Shot by Shayne Gostisbehere.
5:57 of 3rd period - Shot Misses the Net.
5:59 of 3rd period - Shot by Shayne Gostisbehere.
5:59 of 3rd period - Shot Misses the Net.
6:01 of 3rd period - Shot by Shayne Gostisbehere.
6:01 of 3rd period - Goal by Shayne Gostisbehere - NEW YORK Islanders : 3 - NEW JERSEY Devils : 1.
6:02 of 3rd period - Evgeni Malkin wins face-off versus Josh Bailey in neutral zone.
6:07 of 3rd period - Shot by Max Domi.
6:07 of 3rd period - Shot Misses the Net.
6:23 of 3rd period - Shot by Josh Bailey.
6:23 of 3rd period - Deflect By Sven Baertschi.
6:23 of 3rd period - Shot Misses the Net.
6:31 of 3rd period - Shot by Shayne Gostisbehere.
6:31 of 3rd period - Shot Misses the Net.
6:41 of 3rd period - Kevin Shattenkirk is hit by Roope Hintz and loses puck.
6:48 of 3rd period - Shot by Roope Hintz.
6:48 of 3rd period - Stopped by Linus Ullmark without a rebound.
6:49 of 3rd period - Brendan Leipsic wins face-off versus Anton Lundell in NEW YORK Islanders zone.
6:54 of 3rd period - Off-side.
6:55 of 3rd period - Anton Lundell wins face-off versus Josh Bailey in neutral zone.
7:34 of 3rd period - Nikolai Knyzhov is hit by Ryan Hartman and loses puck.
8:01 of 3rd period - Brendan Lemieux is hit by Erik Johnson.
8:07 of 3rd period - Adam Pelech is hit by Maxime Comtois and loses puck.
8:15 of 3rd period - Icing by Adam Pelech.
8:16 of 3rd period - Evgeni Malkin wins face-off versus Brendan Leipsic in NEW YORK Islanders zone.
8:50 of 3rd period - Icing by Ryan McDonagh .
8:51 of 3rd period - Brendan Leipsic wins face-off versus Anton Lundell in NEW YORK Islanders zone.
9:22 of 3rd period - Roope Hintz is hit by Calle Rosen and loses puck.
10:15 of 3rd period - Icing by Brent Burns.
10:16 of 3rd period - Bryan Little wins face-off versus Josh Bailey in NEW JERSEY Devils zone.
10:37 of 3rd period - Samuel Girard is hit by Sven Baertschi and loses puck.
10:49 of 3rd period - Icing by Ryan McDonagh .
10:50 of 3rd period - Josh Bailey wins face-off versus Evgeni Malkin in NEW YORK Islanders zone.
10:54 of 3rd period - Ryan McDonagh is hit by Oliver Kylington and loses puck.
10:58 of 3rd period - Minor Penalty to Sven Baertschi for Holding.
10:59 of 3rd period - Brendan Leipsic wins face-off versus Evgeni Malkin in NEW YORK Islanders zone.
10:59 of 3rd period - Brendan Leipsic is hit by Kirill Marchenko.
11:25 of 3rd period - Shot by Samuel Girard.
11:25 of 3rd period - Shot Blocked by Kevin Shattenkirk.
11:53 of 3rd period - Icing by Anton Lundell.
11:54 of 3rd period - Jeff Skinner wins face-off versus Anton Lundell in NEW JERSEY Devils zone.
11:54 of 3rd period - Calle Rosen is hit by Oliver Kylington and loses puck.
11:55 of 3rd period - Calle Rosen from NEW YORK Islanders is injured at 11:55 of 3rd period (Sprained Left Finger).
11:56 of 3rd period - Josh Bailey wins face-off versus Troy Terry in NEW JERSEY Devils zone.
11:56 of 3rd period - Josh Bailey is hit by Brent Burns.
12:10 of 3rd period - Shot by Brent Burns.
12:10 of 3rd period - Deflect By Anton Lundell.
12:10 of 3rd period - Shot Hit the Post.
12:12 of 3rd period - Shot by Troy Terry.
12:12 of 3rd period - Stopped by Linus Ullmark without a rebound.
12:13 of 3rd period - Evgeni Malkin wins face-off versus Josh Bailey in NEW YORK Islanders zone.
12:20 of 3rd period - Shot by Oliver Kylington.
12:20 of 3rd period - Deflect By Evgeni Malkin.
12:20 of 3rd period - Stopped by Linus Ullmark with a rebound.
13:27 of 3rd period - Minor Penalty to Nikolai Knyzhov for Roughing.
13:28 of 3rd period - Josh Bailey wins face-off versus Anton Lundell in NEW YORK Islanders zone.
14:01 of 3rd period - Shot by Anton Lundell.
14:01 of 3rd period - Shot Misses the Net.
14:03 of 3rd period - Shot by Samuel Girard.
14:03 of 3rd period - Stopped by Linus Ullmark with a rebound.
15:21 of 3rd period - Shot by Shayne Gostisbehere.
15:21 of 3rd period - Shot Blocked by Ryan McDonagh .
15:23 of 3rd period - Shot by Anton Lundell.
15:23 of 3rd period - Shot Misses the Net.
15:33 of 3rd period - Shot by Rem Pitlick.
15:33 of 3rd period - Shot Misses the Net.
15:35 of 3rd period - Shot by Erik Johnson.
15:35 of 3rd period - Stopped by Linus Ullmark with a rebound.
17:01 of 3rd period - Brendan Leipsic is hit by Brent Burns and loses puck.
17:10 of 3rd period - Shot by Brendan Lemieux.
17:10 of 3rd period - Stopped by Tristan Jarry without a rebound.
17:11 of 3rd period - Ilya Mikheyev wins face-off versus Roope Hintz in NEW JERSEY Devils zone.
17:44 of 3rd period - Icing by Oliver Kylington.
17:45 of 3rd period - Anton Lundell wins face-off versus Brendan Leipsic in NEW JERSEY Devils zone.
18:55 of 3rd period - Kyle Palmieri is hit by Samuel Girard and loses puck.
18:59 of 3rd period - Icing by Evgeni Malkin.
19:00 of 3rd period - Evgeni Malkin wins face-off versus Nicklas Backstrom in NEW JERSEY Devils zone.
19:05 of 3rd period - Ilya Mikheyev is hit by Kirill Marchenko and loses puck.
19:24 of 3rd period - Shot by Max Domi.
19:24 of 3rd period - Shot Misses the Net.
19:29 of 3rd period - Icing by Kevin Shattenkirk.
19:30 of 3rd period - Nicklas Backstrom wins face-off versus Bryan Little in NEW YORK Islanders zone.
19:30 of 3rd period - Nicklas Backstrom is hit by Sam Bennett.
19:38 of 3rd period - Shot by Ilya Mikheyev.
19:38 of 3rd period - Stopped by Tristan Jarry without a rebound.
19:39 of 3rd period - Josh Bailey wins face-off versus Bryan Little in NEW JERSEY Devils zone.
19:52 of 3rd period - Shot by Josh Bailey.
19:52 of 3rd period - Stopped by Tristan Jarry without a rebound.
19:53 of 3rd period - Evgeni Malkin wins face-off versus Jeff Skinner in NEW JERSEY Devils zone.
Goals for this period are 1 for NEW YORK Islanders vs 1 for NEW JERSEY Devils.
Shots for this period are 5 for NEW YORK Islanders vs 9 for NEW JERSEY Devils.